 Dungeon Crawl Stone Soup version 0.30.0-17-ge0270778cf (webtiles) character file.

Game seed: 11015687469416988904

294 AlmostDecent the Digger (level 6, -1/32 HPs)
             Began as a Gargoyle Earth Elementalist on May 22, 2023.
             Slain by a hound (2 damage)
             ... on level 4 of the Dungeon.
             The game lasted 00:08:33 (3236 turns).

AlmostDecent the Digger (GrEE)                      Turns: 3236, Time: 00:08:33

Health: -1/32      AC:  7    Str: 10    XL:     6   Next: 34%
Magic:  9/12       EV: 12    Int: 15    God:
Gold:   142        SH:  0    Dex: 18    Spells: 12/13 levels left

rFire   . . .        (no weapon)
rCold   + . .        (no shield)
rNeg    + . .        a - +0 robe
rPois   ∞            (no helmet)
rElec   +            (no cloak)
rCorr   .            e - +0 pair of gloves
SInv    .            (no boots)
Will    .....        (no amulet)
Stlth   ++           g - ring of wizardry
HPRegen 0.25/turn    (no ring)
MPRegen 0.13/turn

%: wizardry (x1)
@: hasted, very quick
A: sickness immunity, AC +4, negative energy resistance 1, electricity
resistance, torment resistance 1, petrification resistance, agile 2, cold
resistance 1
a: no special abilities


You were on level 4 of the Dungeon.
You visited 1 branch of the dungeon, and saw 4 of its levels.

You collected 142 gold pieces.

Inventory:

Armour
 a - a +0 robe (worn)
 e - a +0 pair of gloves (worn)
Jewellery
 g - a ring of wizardry (left hand)
 j - the ring "Nonulleu" {Fire Fly Str+2 Int-5}
   (You found it on level 2 of the Dungeon)

   [ring of fire]

   It enhances your fire magic.
   Str:       It affects your strength (+2).
   Int:       It affects your intelligence (-5).
   rF:        It protects you from fire.
   rC:        It makes you vulnerable to cold.
   Fly:       It grants you flight.
Wands
 t - a wand of mindburst (12)
Scrolls
 c - 3 scrolls of blinking {unknown}
 d - 2 scrolls of identify
 f - a scroll of enchant weapon {unknown}
 h - 5 scrolls of enchant armour {unknown}
 k - a scroll of vulnerability {unknown}
 q - a scroll of butterflies {unknown}
 r - a scroll of fog {unknown}
 s - a scroll of immolation {unknown}
 v - a scroll of fear {unknown}
Potions
 b - a potion of magic
 l - 3 potions of attraction
 n - a potion of might {unknown}
 o - a potion of resistance {unknown}
 p - a potion of curing {unknown}
 u - 4 potions of ambrosia


   Skills:
 + Level 1.7 Dodging
 + Level 2.3 Stealth
 * Level 4.2 Spellcasting
 + Level 0.8 Transmutations
 * Level 6.4 Earth Magic


You had 12 spell levels left.
You knew the following spells:

 Your Spells              Type           Power      Damage    Failure   Level
a - Sandblast             Erth           44%        2d11      1%          1

Your spell library contained the following spells:

 Spells                   Type           Power      Damage    Failure   Level
 Passwall                 Tmut/Erth      11%        N/A       2%          2
 Stone Arrow              Conj/Erth      24%        3d8       6%          3
 Petrify                  Tmut/Erth      14%        N/A       16%         4


Dungeon Overview and Level Annotations

Branches:
Dungeon (4/15)
 Temple: D:4-7

Altars:
Fedhas
Uskayaw
Lugonu

Shops:
D:3 (

Portals:
Abyss: D:3

Annotations:
D:3 2 runed translucent doors
D:4 Ijyb


Innate Abilities, Weirdness & Mutations

You are immune to sickness and miasma.
Your stone body is resilient. (AC +4)
You are immune to poison.
You resist negative energy. (rN+)
You are resistant to electric shocks. (rElec)
You are resistant to unholy torment.
You are immune to petrification.
You are very agile. (Dex +8, Str/Int -2)
Your flesh is cold resistant. (rC+)


Message History

You see here a scroll labelled PUXZIG JOREGI.
Ijyb the Twisted Goblin comes into view.
She is wielding a +0 club and carrying a wand of quicksilver (7).
The blast of sand hits the quokka!
You kill the quokka!
Ijyb shouts!
You hear a shout!
You hear a bark!
A hound comes into view.
Found a spear.
The blast of sand hits Ijyb.
Ijyb is lightly wounded.
The hound barks!
Ijyb zaps a wand.
The bolt of dispelling energy hits you!
A goblin comes into view. It is wielding a +0 dagger.
The blast of sand hits Ijyb but does no damage.
Ijyb is lightly wounded.
Ijyb barely misses you.
An endoplasm comes into view.
The hound completely misses you.
The blast of sand misses Ijyb.
The hound bites you. Ijyb hits you but does no damage.
The hound bites you but does no damage. Ijyb misses you.
Okay, then.
As you read the scroll labelled ASEIQUEMEA, it crumbles to dust.
It is a scroll of identify.
l - 3 potions of attraction The hound bites you but does no damage.
Ijyb hits you with a +0 club.
As you read the scroll of identify, it crumbles to dust.
u - 4 potions of ambrosia The hound bites you.
The hound completely misses you. The goblin closely misses you.
Ijyb zaps a wand.
The bolt of dispelling energy hits you!
* * * LOW HITPOINT WARNING * * *
It was a potion of mutation.
You feel extremely strange.
You feel agile.
You feel resistant to cold.
You feel agile. The hound bites you but does no damage.
The goblin hits you but does no damage. The endoplasm freezes you.
You are frozen.
You resist.
* * * LOW HITPOINT WARNING * * *
Ijyb barely misses you.
It was a potion of haste.
You feel yourself speed up. The hound bites you.
You die...

#.# #.# .. #.# #.#
###.## ...# #.# #.#
#..#. .... #.# ##.##
#.#.# ....#
##.#####...###)#.##....#
............?.....†....
##....##...###.#.......
####.###.###....h##.#
#.# #.......@>...# #.#
#####$.ggJ..## #.#
##.......... #.#
####...###. ### #.# ..##
... #.# ... ##. #.# #.##
)#


You could see Ijyb, a hound, an endoplasm and a goblin.

Vanquished Creatures
  A centaur (D:4)
  An iguana (D:3)
  4 gnolls (D:4)
  7 adders
  2 worms (D:2)
  3 dart slugs
  An orc (D:3)
  8 ball pythons
  3 bats
  10 endoplasms
  2 giant cockroaches
  7 goblins
  7 hobgoblins
  2 jackals (D:3)
  3 quokkas
  2 frilled lizards
  9 kobolds
  4 rats
76 creatures vanquished.

Notes
Turn   | Place    | Note
-------+----------+-------------------------------------------
     0 | D:1      | AlmostDecent the Gargoyle Earth Elementalist began the
                  | quest for the Orb.
     0 | D:1      | Reached XP level 1. HP: 10/10 MP: 3/3
   139 | D:1      | Reached skill level 4 in Earth Magic
   170 | D:1      | Reached XP level 2. HP: 12/15 MP: 1/5
   887 | D:2      | Reached XP level 3. HP: 19/19 MP: 3/6
  1021 | D:2      | Identified the ring "Nonulleu" {Fire Fly Str+2 Int-5}
  1244 | D:2      | Reached XP level 4. HP: 21/24 MP: 1/8
  1899 | D:3      | Found Wecle's Weapon Boutique.
  1913 | D:3      | Found a one-way gate to the infinite horrors of the Abyss.
  2008 | D:3      | Found a large runed translucent door.
  2009 | D:3      | Found a large runed translucent door.
  2181 | D:3      | Found a hide-covered altar of Uskayaw.
  2389 | D:3      | Reached skill level 5 in Earth Magic
  2389 | D:3      | Reached XP level 5. HP: 11/28 MP: 3/10
  2732 | D:3      | Found a corrupted altar of Lugonu.
  2784 | D:4      | Noticed a centaur
  2786 | D:4      | Killed a centaur
  2787 | D:4      | Reached skill level 6 in Earth Magic
  2787 | D:4      | Reached XP level 6. HP: 32/32 MP: 8/12
  3060 | D:4      | Found a blossoming altar of Fedhas.
  3224 | D:4      | Noticed Ijyb
  3235 | D:4      | Gained mutation: You are agile. (Dex +4, Str/Int -1)
                  | [potion of mutation]
  3235 | D:4      | Gained mutation: Your flesh is cold resistant. (rC+)
                  | [potion of mutation]
  3235 | D:4      | Gained mutation: You are very agile. (Dex +8, Str/Int -2)
                  | [potion of mutation]
  3235 | D:4      | HP: 1/32 [frozen (2)]
  3236 | D:4      | Slain by a hound

Illustrated notes

Levels and vault maps discovered:
D:1:      minmay_arrival_shattered_statue, layout_rooms, corexii_corridor_pit,
          item_on_display_a
D:2:      layout_basic
D:3:      due_chaos_kobolds, layout_basic, marbit_many_paths, serial_shops,
          nicolae_shop_tiny_statue_garden, minivault_19
D:4:      layout_loops_ring, general_overflow_altar, uniq_ijyb

Skill      XL: |  1  2  3  4  5 |
---------------+----------------+-----
Earth Magic    | 4 5 6 |  6.4
Spellcasting   | 3 4 |  4.2
Dodging        | |  1.7
Stealth        | |  2.3
Transmutations | |  0.8

Action                     |  1- 3 |  4- 6 || total
---------------------------+-------+-------++-------
   Cast: Sandblast         |    52 |    69 ||   121
    Use: Scroll            |       |     2 ||     2
         Potion            |       |     2 ||     2
 Armour: Robe              |     1 |    14 ||    15
  Dodge: Dodged            |    10 |    20 ||    30
